 Dungeon Crawl Stone Soup version 0.16-a0-262-g6fc725f (webtiles) character file.

39 Charly the Digger (level 3, 0/26 HPs)
             Began as a Draconian Earth Elementalist on Aug 25, 2014.
             Slain by a kobold
             ... wielding a +0 short sword
              (4 damage)
             ... on Level 2 of the Dungeon.
             The game lasted 00:08:06 (528 turns).

Charly the Digger (Draconian Earth Elementalist)     Turns: 528, Time: 00:08:06

HP   0/26        AC  7     Str 10      XL: 3   Next: 28%
MP   1/6         EV 12     Int 16      God:
Gold 44          SH  0     Dex 11      Spells:  3 memorised,  0 levels left

rFire  . . .     SeeInvis .     a - +0 hand axe
rCold  . . .     Clarity  .     (armour unavailable)
rNeg   . . .     rCorr    .     (no shield)
rPois  .         rRot     .     (helmet restricted)
rElec  .         Spirit   .     (no cloak)
SustAb .         Warding  .     (no gloves)
rMut   .         Stasis   .     (no boots)
Gourm  .                        (no amulet)
MR     .....                    (no ring)
                                (no ring)

@: stone skin, not resistant to hostile enchantments, unstealthy
A: unfitting armour, cold-blooded, AC +5
a: no special abilities


You were on level 2 of the Dungeon.
You were not hungry.

You visited 1 branch of the dungeon, and saw 3 of its levels.

You collected 44 gold pieces.

Inventory:

Hand weapons
 a - a +0 hand axe (weapon)
Missiles
 b - 18 stones (quivered)
Comestibles
 c - 2 fruits
 g - a bread ration
Scrolls
 h - a scroll of remove curse {unknown}
Potions
 e - a potion of curing
Books
 d - a book of Geomancy

   Spells                             Type                      Level
   *Sandblast                         Earth                        1
   *Stoneskin                         Transmutation/Earth          2
   Passwall                           Transmutation/Earth          3
   *Stone Arrow                       Conjuration/Earth            3
   Petrify                            Transmutation/Earth          4
   Lee's Rapid Deconstruction         Earth                        5


   Skills:
 - Level 1.7 Dodging
 - Level 1.7 Stealth
 - Level 2.0 Spellcasting
 + Level 0.2 Conjurations
 - Level 1.0 Transmutations
 + Level 4.3 Earth Magic


You couldn't memorise any spells.
You knew the following spells:

 Your Spells              Type           Power        Failure   Level  Hunger
a - Stone Arrow           Conj/Erth      #.....       28%         3    ####...
b - Sandblast             Erth           ###...       4%          1    #......
s - Stoneskin             Trmt/Erth      ##......     12%         2    ###....


Dungeon Overview and Level Annotations

Branches:
Dungeon (3/15)

Altars:


Innate Abilities, Weirdness & Mutations

Your plain brown scales are hard (AC +5).
Your body does not fit into most forms of armour.
Your cold-blooded metabolism reacts poorly to cold.


Message History

Confirm with . or Enter, or press ? or * to list all spells.
Aiming: Sandblast
Press: ? - help, Shift-Dir - straight line, f - kobold
Aim: a kobold, wielding a short sword and wearing a chain mail The rocky blast hits the kobold.
The kobold hits you but does no damage.
Casting: Sandblast
Confirm with . or Enter, or press ? or * to list all spells.
Aiming: Sandblast
Press: ? - help, Shift-Dir - straight line, f/p - kobold
Aim: a kobold, wielding a short sword and wearing a chain mail The rocky blast hits the kobold.
The kobold hits you but does no damage.
a - a +0 hand axe (weapon)
The kobold hits you with a short sword.
* * * LOW HITPOINT WARNING * * *
You barely miss the kobold. The kobold barely misses you.
You barely miss the kobold. The kobold hits you but does no damage.
You hit the kobold but do no damage. The kobold hits you but does no damage.
You hit the kobold but do no damage. The kobold hits you but does no damage.
The kobold hits you with a short sword.
You die...

############
...........#
##########@#
#######K#########
............%....#
#######.####.##.#
### #<# .. #.# #.
#.# #. #.# #
#.###.##.#


You could see a kobold.

Vanquished Creatures
  The ghost of Charly the Digger, a weakling DrEE (D:3)
  An adder (D:2)
  3 orcs (D:3)
  A giant cockroach (D:1)
  3 goblins
  A hobgoblin (D:3)
  A ball python (D:2)
  2 giant newts
  A jackal (D:3)
14 creatures vanquished.

Notes
Turn   | Place    | Note
--------------------------------------------------------------
     0 | D:1      | Charly, the Draconian Earth Elementalist, began the quest for the Orb.
     0 | D:1      | Reached XP level 1. HP: 14/14 MP: 3/3
    13 | D:1      | Noticed an electric eel
   212 | D:2      | Reached XP level 2. HP: 20/20 MP: 0/4
   303 | D:3      | Noticed Charly's ghost (weakling DrEE)
   366 | D:3      | Killed Charly's ghost
   366 | D:3      | Reached skill level 4 in Earth Magic
   366 | D:3      | Reached XP level 3. HP: 9/26 MP: 0/6
   379 | D:3      | Learned a level 3 spell: Stone Arrow
   382 | D:3      | Learned a level 2 spell: Stoneskin
   528 | D:2      | Slain by a kobold

Action                   || total
-------------------------++-------
Melee: Unarmed           ||     9
       Hand axe          ||    23
 Cast: Sandblast         ||    34
       Stoneskin         ||     1
  Use: Potion            ||     1
       Scroll            ||     1
